 Dungeon Crawl Stone Soup version 0.28-a0-1347-g113dc556a4 (webtiles) character file.

Game seed: 10369439945010827105

5394 pokeman the Thaumaturge (level 10, -12/56 HPs)
             Began as a Deep Elf Hedge Wizard on Dec 29, 2021.
             Was a Follower of Vehumet.
             Mangled by a shadow (17 damage)
             ... on level 8 of the Dungeon.
             The game lasted 00:28:00 (11454 turns).

pokeman the Thaumaturge (Deep Elf Hedge Wizard)    Turns: 11454, Time: 00:28:00

Health: -12/56     AC:  6    Str:  7    XL:     10   Next: 40%
Magic:  19/29      EV: 12    Int: 24    God:    Vehumet [*.....]
Gold:   356        SH:  0    Dex: 14    Spells: 20/35 levels left

rFire   + . .      SeeInvis .   p - +1 mace (venom)
rCold   + + .      Faith    .   (no shield)
rNeg    . . .      Spirit   .   B - +2 leather armour {rC+}
rPois   .          Reflect  .   c - +0 hat
rElec   .          Harm     .   h - scarf {rC+ rF+}
rCorr   .          Rampage  .   (no gloves)
Will    +....                   x - +0 pair of boots
Stlth   ++........              (no amulet)
HPRegen 0.18/turn               (no ring)
MPRegen 0.21/turn               (no ring)

@: no status effects
A: no striking features
a: Renounce Religion


You were on level 8 of the Dungeon.
You worshipped Vehumet.
Vehumet was aware of your devotion.
You visited 2 branches of the dungeon, and saw 10 of its levels.

You collected 453 gold pieces.
You spent 97 gold pieces at shops.

Inventory:

Hand Weapons
 o - a +3 quarterstaff of chaos
 p - a +1 mace of venom (weapon)
Missiles
 i - 133 arrows
 y - 3 throwing nets
 F - 58 bolts
Armour
 c - a +0 hat (worn)
 h - a scarf of resistance (worn)
 x - a +0 pair of boots (worn)
 B - a +2 leather armour of cold resistance (worn)
 E - a scarf of invisibility
Jewellery
 g - an amulet of guardian spirit
 t - a ring of ice
 C - a ring of ice
Wands
 G - a wand of digging (3)
Scrolls
 a - 3 scrolls of magic mapping
 d - 3 scrolls of fog {unknown}
 f - 3 scrolls of amnesia {unknown}
 j - 5 scrolls of teleportation {unknown}
 k - a scroll of noise {unknown}
 l - 4 scrolls of acquirement {unknown}
 n - 11 scrolls of identify
 r - 2 scrolls of enchant armour {unknown}
 u - a scroll of torment {unknown}
 z - a scroll of enchant weapon {unknown}
Potions
 b - 2 potions of might {unknown}
 e - 3 potions of flight {unknown}
 m - a potion of cancellation {unknown}
 q - 6 potions of curing {unknown}
 s - 2 potions of degeneration {unknown}
 v - 2 potions of attraction {unknown}
 w - a potion of magic {unknown}
 A - a potion of haste {unknown}
 D - a potion of berserk rage {unknown}
 H - 2 potions of invisibility {unknown}
 I - a potion of mutation {unknown}
 J - 2 potions of lignification {unknown}


   Skills:
 - Level 4.0 Fighting
 + Level 3.6 Armour
 - Level 3.0 Dodging
 - Level 3.0 Stealth
 * Level 13.4 Spellcasting
 + Level 7.6 Conjurations
 - Level 1.1 Summonings
 - Level 1.1 Translocations
 + Level 4.1 Fire Magic
 - Level 1.2 Air Magic
 - Level 5.0 Earth Magic
 - Level 1.3 Poison Magic
 - Level 1.0 Evocations


You had 20 spell levels left.
You knew the following spells:

 Your Spells              Type           Power      Damage    Failure   Level
a - Magic Dart            Conj           100%       1d8       1%          1
b - Mephitic Cloud        Conj/Pois/Air  32%        N/A       4%          3
c - Call Imp              Summ           21%        N/A       5%          2
d - Blink                 Tloc           42%        N/A       5%          2
e - Conjure Flame         Conj/Fire      44%        6-21      1%          3
f - Stone Arrow           Conj/Erth      92%        3d12      1%          3
g - Apportation           Tloc           42%        N/A       3%          1

Your spell library contained the following spells:

 Spells                   Type           Power      Damage    Failure   Level
 Shock                    Conj/Air       100%       1d9       1%          1
 Poisonous Vapours        Pois/Air       44%        N/A       4%          2
 Slow                     Hex            64%        N/A       5%          1
 Corpse Rot               Necr/Air       38%        N/A       6%          2
 Iskenderun's Mystic Bla  Conj/Tloc      37%        2d9       9%          4
 Call Canine Familiar     Summ           21%        N/A       11%         3
 Fulminant Prism          Conj/Hex       17%        3d11      11%         4
 Portal Projectile        Hex/Tloc       36%        N/A       13%         3
 Animate Armour           Summ/Erth      60%        N/A       16%         4
 Leda's Liquefaction      Hex/Erth       14%        N/A       19%         4
 Lee's Rapid Deconstruct  Erth           20%        3d13*     19%         5
 Irradiate                Conj/Tmut      17%        3d19      30%         5
 Animate Dead             Necr           8%         N/A       47%         4
 Borgnjor's Vile Clutch   Necr/Erth      14%        N/A       47%         5
 Alistair's Intoxication  Tmut/Pois      12%        N/A       75%         5
 Blade Hands              Tmut           8%         N/A       83%         5
 Death Channel            Necr           8%         N/A       100%        6
 Dragon Form              Tmut           8%         N/A       100%        7
 Lehudib's Crystal Spear  Conj/Erth      23%        10d6      100%        8


Dungeon Overview and Level Annotations

Branches:
Dungeon (9/15)             Temple (1/1) D:5
   Lair: D:8-11         Orc: D:9-12

Altars:
Ashenzari
Cheibriados
Dithmenos
Elyvilon
Fedhas
Gozag
Kikubaaqudgha
Makhleb
Nemelex Xobeh
Qazlal
Ru
Sif Muna
Trog
Vehumet
Wu Jian
Xom
Yredelemnul
Zin
The Shining One

Shops:
D:2 ?   D:4 =


Message History

You feel stable enough to blink again.
The shadow strikes at you from the darkness!
* * * LOW HITPOINT WARNING * * *
Casting: Blink (safe; 5% risk of failure)
Confirm with . or Enter, or press ? or * to list all spells.
You blink.
Casting: Blink (safe; 5% risk of failure)
Confirm with . or Enter, or press ? or * to list all spells.
A beastly little devil appears in a puff of frigid air.
Unknown command.
You swap places.
The shadow slips into darkness.
The shadow flickers and vanishes!
Deactivating autopickup; reactivate with Ctrl-A.
Unknown command.
You feel stable enough to blink again.
Your white imp dies!
Your white imp disappears in a puff of smoke!
Casting: Call Imp (safe; 5% risk of failure)
Confirm with . or Enter, or press ? or * to list all spells.
You blink.
You feel stable enough to blink again.
Casting: Blink (safe; 5% risk of failure)
Confirm with . or Enter, or press ? or * to list all spells.
A beastly little devil appears in a puff of frigid air.
The shadow strikes at you from the darkness!
* * * LOW HITPOINT WARNING * * *
Reactivating autopickup.
Unknown command.
Casting: Call Imp (safe; 5% risk of failure)
Confirm with . or Enter, or press ? or * to list all spells.
You blink.
The shadow slips into darkness.
The shadow flickers and vanishes!
Deactivating autopickup; reactivate with Ctrl-A.
Your white imp closely misses something.
You feel stable enough to blink again.
You see here 20 stones.
The shadow strikes at you from the darkness!
You die...

..#.##.###.##.....##..##..##..#
###.)...................5.....#
#..#..##.#.....#.(######.####
#.....##.#.....#5#######ยง#
##....).....#.........##.#
##.............#####.##.#
###..#....#........##.##.#
#..................##....#
###.....>.....@....#######
#....###.........#
#....######'######
#...........# #........####
###......# #......# #......#
#......#


You could see a friendly white imp (summoned).

Vanquished Creatures
  Harold (D:7)
  Erica (D:8)
  9 yaks
  A steam dragon (D:8)
  Duvessa (D:6)
  2 water moccasins
  An orc warrior (D:8)
  A sky beast (D:6)
  2 ice beasts (D:6)
  2 hornet zombies
  5 ogres
  A phantom (D:6)
  A kobold brigand (D:7)
  A bullfrog (D:8)
  A scorpion (D:4)
  A wyvern skeleton (D:7)
  Dowan (D:6)
  A water moccasin zombie (D:5)
  A wight (D:6)
  An electric eel (D:6)
  A centaur zombie (D:5)
  6 orc priests
  Crazy Yiuf (D:2)
  2 hounds
  A jelly (D:6)
  A gnoll shaman (D:6)
  5 iguanas (D:5)
  9 orc wizards
  6 gnolls
  An adder (D:3)
  3 shadow imps
  A white imp (D:4)
  4 ufetubi
  An adder skeleton (D:4)
  A worm (D:3)
  2 dart slugs
  26 orcs
  14 ball pythons
  5 bats
  5 endoplasms
  6 giant cockroaches
  10 goblins
  10 hobgoblins
  7 jackals
  12 kobolds
  4 quokkas
  2 frilled lizards
  3 rats
184 creatures vanquished.

Notes
Turn   | Place    | Note
-------+----------+-------------------------------------------
     0 | D:1      | pokeman the Deep Elf Hedge Wizard began the quest for the
                  | Orb.
     0 | D:1      | Reached XP level 1. HP: 10/10 MP: 7/7
   339 | D:1      | Reached XP level 2. HP: 16/16 MP: 6/9
   795 | D:1      | Reached skill level 5 in Spellcasting
  1026 | D:1      | Reached XP level 3. HP: 20/20 MP: 5/11
  1030 | D:1      | Learned a level 3 spell: Mephitic Cloud
  1033 | D:1      | Learned a level 2 spell: Blink
  1036 | D:1      | Learned a level 2 spell: Call Imp
  1040 | D:1      | Learned a level 3 spell: Conjure Flame
  1040 | D:1      | Upgraded the game from 0.28-a0-1339-ga5422284a4 to
                  | 0.28-a0-1347-g113dc556a4
  1556 | D:2      | Noticed an ogre
  1787 | D:2      | Killed an ogre
  1788 | D:2      | Reached skill level 1 in Fighting
  1788 | D:2      | Reached skill level 1 in Armour
  1788 | D:2      | Reached XP level 4. HP: 25/25 MP: 1/13
  2082 | D:2      | Reached skill level 6 in Spellcasting
  2154 | D:2      | Found a faded altar of an unknown god.
  2162 | D:2      | Reached XP level 5. HP: 29/29 MP: 10/15
  2325 | D:2      | Found a runed translucent door.
  2326 | D:2      | Noticed Crazy Yiuf
  2527 | D:2      | Found Plog's Magic Scroll Boutique.
  2535 | D:2      | Bought a scroll of identify for 26 gold pieces
  2806 | D:2      | Killed Crazy Yiuf
  2892 | D:3      | Reached skill level 1 in Fire Magic
  3987 | D:2      | Bought a scroll of magic mapping for 45 gold pieces
  3987 | D:2      | Bought a scroll of identify for 26 gold pieces
  4207 | D:4      | Reached XP level 6. HP: 24/34 MP: 13/17
  4213 | D:4      | Reached skill level 1 in Air Magic
  4216 | D:4      | Reached skill level 7 in Spellcasting
  4502 | D:4      | Found Wacsydui's Jewellery Boutique.
  4601 | D:4      | Learned a level 3 spell: Stone Arrow
  4842 | D:4      | Reached skill level 1 in Earth Magic
  4842 | D:4      | Reached skill level 1 in Poison Magic
  4842 | D:4      | Reached XP level 7. HP: 22/38 MP: 10/20
  5250 | D:5      | Entered Level 5 of the Dungeon
  5418 | D:5      | Reached skill level 8 in Spellcasting
  5616 | D:5      | Found a staircase to the Ecumenical Temple.
  5625 | Temple   | Entered the Ecumenical Temple
  5801 | Temple   | Became a worshipper of Vehumet
  6242 | D:5      | Reached XP level 8. HP: 39/44 MP: 16/22
  6613 | D:6      | Reached skill level 9 in Spellcasting
  6616 | D:5      | Reached * piety under Vehumet
  6616 | D:5      | Offered knowledge of Freeze by Vehumet.
  7176 | D:6      | Reached skill level 5 in Conjurations
  7371 | D:6      | Reached skill level 10 in Spellcasting
  7558 | D:6      | Learned a level 1 spell: Apportation
  8390 | D:7      | Noticed Duvessa
  8391 | D:7      | Noticed Dowan
  8413 | D:6      | Killed Duvessa
  8414 | D:6      | Reached XP level 9. HP: 21/49 MP: 13/25
  8440 | D:6      | Killed Dowan
  8689 | D:7      | Reached skill level 11 in Spellcasting
  8893 | D:7      | Noticed Harold
  9231 | D:7      | Killed Harold
  9644 | D:7      | Found a snail-covered altar of Cheibriados.
  9694 | D:8      | Noticed Erica
  9710 | D:8      | Killed Erica
  9711 | D:8      | Reached skill level 12 in Spellcasting
  9889 | D:8      | Reached XP level 10. HP: 45/56 MP: 19/28
 10135 | D:7      | HP: 2/56 [yak (3)]
 10454 | D:8      | Reached skill level 1 in Evocations
 10488 | D:8      | Reached skill level 13 in Spellcasting
 10832 | D:8      | Offered knowledge of Shock by Vehumet.
 10852 | D:8      | Reached skill level 5 in Earth Magic
 11235 | D:8      | Reached ** piety under Vehumet
 11454 | D:8      | Mangled by a shadow

Illustrated notes

Levels and vault maps discovered:
D:1:      dpeg_arrival_short_road, layout_loops_cross, minmay_misc_feat_square
D:2:      layout_rooms, serial_shops, nicolae_shop_statue_plus,
          hellmonk_ecumenical_altar_dog_temple, minmay_cupped,
          uniq_crazy_yiuf_cottage
D:3:      minmay_wonky_spiral, layout_loops_ring, minmay_pentangle
D:4:      layout_loops_ring, serial_shops, nicolae_diamond_shop,
          chequers_serial_rivers_marsh
D:5:      layout_basic, temple_statues, nicolae_concentric_dashed_squares_wild
D:6:      cheibrodos_helix_gallery, layout_basic
D:7:      layout_cave_pools, lemuel_doored_altar, uniq_harold, uniq_duvessa
D:8:      layout_basic, palyth_stone_intersect, uniq_erica
D:9:      layout_long_grid, dpeg_lair_monsters
Temple:   mainiacjoe_temple_starburst

Skill      XL: |  1  2  3  4  5  6  7  8  9 10 |
---------------+-------------------------------+-----
Spellcasting   | 5 6 7 8 10 12 13 | 13.4
Fighting       | 1 2 3 4 |  4.0
Armour         | 1 2 3 |  3.6
Conjurations   | 2 3 4 5 7 |  7.6
Fire Magic     | 1 2 4 |  4.1
Dodging        | 3 |  3.0
Air Magic      | 1 |  1.2
Stealth        | 3 |  3.0
Earth Magic    | 1 4 5 |  5.0
Poison Magic   | 1 |  1.3
Evocations     | 1 |  1.0
Summonings     | |  1.1
Translocations | |  1.1

Action                   |  1- 3 |  4- 6 |  7- 9 | 10-12 || total
-------------------------+-------+-------+-------+-------++-------
Melee: Dagger            |     4 |       |       |       ||     4
       Spear             |     5 |    14 |       |       ||    19
       Mace              |       |    39 |    75 |    31 ||   145
 Cast: Magic Dart        |    69 |   138 |   186 |    14 ||   407
       Blink             |     6 |       |     4 |     6 ||    16
       Conjure Flame     |     2 |     2 |    24 |    14 ||    42
       Mephitic Cloud    |     1 |     6 |    26 |     8 ||    41
       Call Imp          |       |     1 |     2 |     2 ||     5
       Stone Arrow       |       |       |     1 |       ||     1
 Stab: Sleeping          |     1 |     1 |     1 |       ||     3
       Confused          |       |     3 |    10 |     3 ||    16
Armor: Robe              |     3 |     2 |       |       ||     5
       Leather armour    |       |     8 |    34 |     3 ||    45
Dodge: Dodged            |    24 |    61 |    85 |    15 ||   185

Table legend: (Time is in decaauts)
 A = Elapsed time spent in this place.
 B = Non-inter-level travel time spent in this place.
 C = Inter-level travel time spent in this place.
 D = Time resting spent in this place.
 E = Time spent auto-exploring this place.
 F = Levels seen in this place.
 G = Mean time per level.
                   A        B        C        D        E       F      G
               +--------+--------+--------+--------+--------+-----+--------+
         Total |  11526 |  11118 |    408 |   1726 |   7567 |  10 | 1152.6 |
       Dungeon |  11295 |  10941 |    354 |   1726 |   7398 |   9 | 1255.0 |
        Temple |    231 |    177 |     54 |      0 |    169 |   1 |  231.0 |
               +--------+--------+--------+--------+--------+-----+--------+

Top non-repeatable levels by time:
     D:6: 2060 daAuts
     D:1: 2043 daAuts
     D:7: 1603 daAuts
     D:4: 1286 daAuts
     D:5: 1236 daAuts
     D:3: 1121 daAuts
     D:8: 1067 daAuts
     D:2: 866 daAuts
  Temple: 231 daAuts
     D:9: 11 daAuts
